 Dungeon Crawl Stone Soup version 0.17-a0-1701-gf693a3f (webtiles) character file.

69 urechis the Sneak (level 4, -2/30 HPs)
             Began as a Vampire Enchanter on Aug 21, 2015.
             Succumbed to Terence's poison
             ... on level 3 of the Dungeon.
             The game lasted 00:03:41 (1978 turns).

urechis the Sneak (Vampire Enchanter)               Turns: 1978, Time: 00:03:41

Health: -2/30      AC:  6    Str:  7    XL:     4   Next: 2%
Magic:  7/7        EV: 12    Int: 17    God:
Gold:   94         SH:  0    Dex: 15    Spells: 2 memorised, 4 levels left

rFire  . . .     SeeInvis +     a - +1 dagger
rCold  . . .     Clarity  .     b - +1 robe
rNeg   + . .     SustAt   .     (no shield)
rPois  .         Gourm    .     (no helmet)
rElec  .         Spirit   .     f - +2 cloak
rCorr  .         Warding  .     (no gloves)
rMut   .         Stasis   .     (no boots)
MR     .....                    (no amulet)
Stlth  ++++......               (no ring)
                                (no ring)

@: lethally poisoned (-2 -> -43), flying, not resistant to hostile enchantments,
stealthy
A: fangs 3, see invisible, unbreathing
a: Bat Form


You were on level 3 of the Dungeon.
You were not thirsty.

You visited 1 branch of the dungeon, and saw 3 of its levels.

You collected 94 gold pieces.

Inventory:

Hand weapons
 a - a +1 dagger (weapon)
Armour
 b - a +1 robe (worn)
 f - a +2 cloak (worn)
Jewellery
 g - an uncursed ring of protection from magic {unknown}
 k - an uncursed ring of protection from cold {unknown}
Scrolls
 e - a scroll of blinking {unknown}
 h - a scroll of identify {unknown}
 i - a scroll of recharging {unknown}
 m - a scroll of noise {unknown}
 r - a scroll of random uselessness {unknown}
Potions
 j - a potion of mutation {unknown}
 l - a potion of might {unknown}
 n - a potion of cure mutation {unknown}
 o - a potion of cancellation {unknown}
 p - a potion of flight
 q - a potion of heal wounds {unknown}
Books
 c - a book of Maledictions

   Spells                             Type                      Level
   a - Corona                         Hexes                        1
   b - Ensorcelled Hibernation        Hexes/Ice                    2
   c - Confuse                        Hexes                        3
   d - Tukima's Dance                 Hexes                        3
   e - Dazzling Spray                 Conjuration/Hexes            3


   Skills:
 - Level 1.1 Short Blades
 - Level 2.1 Dodging
 + Level 7.6 Stealth
 - Level 2.0 Spellcasting
 - Level 4.4 Hexes


You had 4 spell levels left.
You knew the following spells:

 Your Spells              Type           Power        Failure   Level  Hunger
a - Corona                Hex            ###....      3%          1    #......
b - Ensorcelled Hibernat  Hex/Ice        #.....       14%         2    ###....


Dungeon Overview and Level Annotations

Branches:
Dungeon (3/15)

Altars:
Cheibriados
Okawaru

Annotations:
D:3 Terence


Innate Abilities, Weirdness & Mutations

You have razor-sharp teeth.
You have supernaturally acute eyesight.
You can survive without breathing.


Message History

You hit Terence.
Terence is heavily wounded.
Terence hits you with a flail of venom.
* * * LOW HITPOINT WARNING * * *
You are more poisoned.
You hit Terence. You bite Terence, but do no damage.
Terence is heavily wounded.
* * * LOW HITPOINT WARNING * * *
You feel very sick. Terence hits you with a flail of venom.
* * * LOW HITPOINT WARNING * * *
Drink which item? (? for menu, Esc to quit)
It was a potion of flight.
You feel very buoyant.
You fly up into the air.
* * * LOW HITPOINT WARNING * * *
You feel very sick.
Drink which item? (? for menu, Esc to quit)
Yummy - fresh blood!
You die...

..#####......#.#
#......##..###.#
#####.####.......#.#
......####.......#.#
#.....##.......#.#
#.#.##.......#.#
##............#.#
#.†...........#.#
######@#..##########.#
#....@.....# ......#
#...........# ###### #
...#.#.#...#.#
.#.........#.#
#.#.#.#......
.........###.##
#..#.#.#.. .#
#........# .


You could see Terence.

Vanquished Creatures
  2 adders (D:2)
  A worm (D:2)
  2 giant geckos (D:1)
  3 bats (D:1)
  2 giant cockroaches
  13 goblins
  4 hobgoblins
  4 jackals (D:1)
  4 giant newts
  4 kobolds
  6 rats
45 creatures vanquished.

Notes
Turn   | Place    | Note
--------------------------------------------------------------
     0 | D:1      | urechis the Vampire Enchanter began the quest for the Orb.
     0 | D:1      | Reached XP level 1. HP: 13/13 MP: 3/3
    63 | D:1      | Reached skill level 5 in Stealth
   430 | D:1      | Reached XP level 2. HP: 19/19 MP: 5/5
   735 | D:1      | Reached skill level 6 in Stealth
   954 | D:1      | Learned a level 2 spell: Ensorcelled Hibernation
  1009 | D:1      | Reached XP level 3. HP: 24/24 MP: 6/6
  1537 | D:2      | Reached skill level 7 in Stealth
  1732 | D:2      | Found a snail-covered altar of Cheibriados.
  1853 | D:2      | Found an iron altar of Okawaru.
  1878 | D:2      | Reached XP level 4. HP: 30/30 MP: 7/7
  1954 | D:3      | Noticed Terence
  1977 | D:3      | HP: 1/30 [poisoned by Terence]
  1978 | D:3      | Succumbed to Terence's poison

Vault maps used:
D:1:      minmay_arrival_shattered_statue
D:2:      cheibriados_altar_1, okawaru_trees_1
D:3:      serial_co_window_serial, co_window_cross_1,
          co_window_of_opportunity_a, co_window_of_opportunity_a,
          co_window_paths_b, co_window_corner_a, co_window_corner_b,
          co_window_of_opportunity_b, co_window_corner_cb, co_window_broadway_c,
          co_window_corner_b, co_window_broadway_a, co_window_4corner_a,
          glass_columns_b, glass_columns_a, glass_columns_a, uniq_terence

Action                   |  1- 3 |  4- 6 || total
-------------------------+-------+-------++-------
Melee: Dagger            |   142 |    17 ||   159
 Cast: Corona            |     1 |       ||     1
  Use: Potion            |       |     2 ||     2
 Stab: Sleeping          |    11 |       ||    11
